Map: Berlingrad LE

Players

Pandemic

  • Race: Terran Terran
  • League: Platinum

egsloth - Winner!

  • Race: Zerg Zerg
  • League: Platinum

VOD

Have the link to the VOD?

Description

Time

  • Played on: Oct. 22, 2021, 5:47 p.m.
  • Length: 16:18
Show
View Real Time Build Order
Export as new Build Order

Pandemic Terran 

Build Orders: Reaper Expand, Hellion Banshee 

Get SALT Encoding   

  12  0:00  SCV  
  13  0:12  SCV  
  14  0:19  Supply Depot  
  14  0:24  SCV  
  15  0:40  SCV  
  15  0:41  Barracks  
  16  0:46  Refinery  
  16  0:53  SCV  
  17  1:05  SCV  
  18  1:17  SCV  
  19  1:29  Reaper  
  19  1:30  Orbital Command  
  20  1:43  Command Center  
  20  1:56  Supply Depot, SCV  
  21  2:02  Barracks Reactor  
  21  2:08  SCV  
  22  2:20  SCV  
  23  2:24  Factory  
  23  2:25  Bunker  
  23  2:32  SCV  
  24  2:44  SCV  
  24  2:45  Refinery  
  24  2:48  Barracks Tech Lab  
  25  2:56  SCV  
  26  3:01  Orbital Command  
  26  3:08  SCV  
  27  3:14  Starport  
  27  3:17  Marine  
  28  3:21  SCV  
  28  3:26  Hellion x2  
  33  3:27  SCV  
  33  3:33  SCV  
  35  3:38  Barracks Reactor  
  35  3:39  SCV  
  36  3:42  Refinery  
  36  3:45  SCV  
  37  3:51  SCV  
  38  3:57  SCV  
  38  4:01  Supply Depot, Hellion x2  
  43  4:03  Supply Depot, SCV  
  44  4:17  Barracks  
  44  4:18  SCV  
  44  4:19  Barracks  
  44  4:21  Marine  
  44  4:22  Banshee, Marine  
  44  4:23  Hellion x2  
  53  4:24  Supply Depot  
  53  4:35  SCV x2  
  55  4:44  Hellion x2  
  59  4:47  SCV x2  
  61  4:59  SCV  
  60  5:07  SCV  
  60  5:11  SCV  
  60  5:12  Refinery  
  60  5:21  Barracks Reactor, Barracks Tech Lab  
  60  5:24  Starport Reactor  
  60  5:25  SCV x2  
  60  5:28  Siege Tank  
  65  5:29  Engineering Bay  
  65  5:37  Bunker  
  65  5:39  SCV  
  65  5:40  SCV  
  65  5:41  Marine x3  
  70  5:42  Supply Depot  
  70  5:43  Stimpack  
  70  6:03  Command Center  
  70  6:04  SCV x2, Marine x3, Siege Tank  
  70  6:06  Supply Depot  
  78  6:19  SCV, Marine  
  78  6:23  SCV, Marine  
  78  6:27  Marine x3  
  78  6:31  SCV  
  82  6:33  Supply Depot  
  82  6:35  SCV  
  82  6:36  Siege Tank  
  82  6:39  Terran Infantry Weapons Level 1  
  86  6:42  Armory  
  86  6:50  Supply Depot  
  86  6:52  Supply Depot  
  86  6:54  SCV, Marine x5  
  86  6:55  SCV  
  86  6:57  Supply Depot  
  93  7:07  SCV x2  
  94  7:08  Siege Tank  
  94  7:12  Marine x4  
  98  7:16  SCV  
  98  7:19  Marine, SCV  
  98  7:21  Supply Depot  
  98  7:22  Medivac, Supply Depot  
  103  7:23  Combat Shield  
  103  7:29  Orbital Command  
  103  7:30  Marine x3  
  106  7:38  SCV x2  
  106  7:40  Siege Tank  
  106  7:41  Marine x2  
  113  7:48  Marine x3  
  113  7:55  Medivac x2  
  110  7:58  Marine  
  110  7:59  Marine  
  110  8:01  SCV x2  
  114  8:05  Marine x3  
  114  8:12  Siege Tank  
  120  8:16  Marine x2  
  120  8:17  SCV  
  123  8:23  Marine  
  123  8:25  Terran Vehicle And Ship Armor Level 1, Medivac x2  
  128  8:33  Terran Infantry Armor Level 1, SCV, Starport  
  128  8:34  SCV x2  
  130  8:37  Barracks  
  130  8:39  Barracks  
  131  8:44  Siege Tank  
  131  8:46  SCV x3  
  137  8:55  Medivac  
  139  9:00  Refinery  
  139  9:03  Refinery  
  139  9:07  Command Center  
  139  9:17  Siege Tank  
  139  9:20  Marine x4  
  139  9:21  Marine  
  143  9:31  Starport Tech Lab  
  143  9:32  Marine x2  
  143  9:33  Barracks Reactor  
  143  9:34  Medivac x2  
  149  9:52  Engineering Bay  
  149  9:53  Supply Depot x2  
  149  9:55  Supply Depot, Marine  
  149  9:56  SCV  
  149  9:57  Marine, SCV  
  149  10:01  Marine x3  
  149  10:02  Marine x2  
  149  10:03  Siege Tank  
  149  10:06  Supply Depot  
  148  10:07  Medivac  
  148  10:09  Medivac  
  148  10:10  Marine  
  148  10:11  Marine  
  148  10:13  Marine  
  148  10:14  Raven  
  136  10:15  Marine  
  136  10:19  Marine x3  
  136  10:20  Marine x2  
  111  10:28  Marine x2  
  111  10:29  Supply Depot  
  111  10:31  Marine  
  111  10:33  Marine  
  111  10:35  Siege Tank  
  108  10:37  Medivac, Marine x5  
  108  10:39  Medivac  
  104  10:46  Marine x2  
  104  10:49  Marine  
  90  10:50  Marine  
  90  10:52  Supply Depot  
  90  10:55  Marine x5  
  91  11:00  SCV x2  
  91  11:02  Orbital Command  
  91  11:04  Marine x2  
  93  11:06  Marine  
  93  11:07  Siege Tank  
  93  11:08  Marine  
  100  11:13  Sensor Tower  
  100  11:14  Terran Infantry Weapons Level 2, Terran Infantry Armor Level 2  
  100  11:17  Terran Vehicle And Ship Armor Level 2  
  100  11:19  Sensor Tower  
  100  11:30  Marine x6  
  100  11:31  Orbital Command, Marine x2  
  108  11:36  Missile Turret  
  108  11:37  SCV  
  108  11:39  Siege Tank  
  81  11:57  SCV x2  
  81  11:58  SCV  
  71  12:09  SCV x2  
  71  12:11  Siege Tank  
  71  12:13  SCV  
  75  12:21  SCV  
  75  12:22  SCV  
  77  12:25  SCV  
  78  12:34  SCV x2  
  80  12:37  SCV  
  81  12:50  Marine x6  
  81  12:51  Marine x2  
  89  13:00  Siege Tank  
  60  13:13  Marine x7  
  60  13:14  Marine  
  67  13:29  SCV x3  
  69  13:41  SCV x2  
  71  13:44  Medivac  
  73  13:59  SCV x3  
  76  14:04  Sensor Tower  
  74  14:11  SCV x3  
  74  14:13  Medivac  
  79  14:23  SCV x3  
  79  14:35  Bunker, SCV x3  
  79  14:36  Marine  
  79  14:37  Marine x8  
  80  14:47  SCV  
  74  14:54  Marine  
  74  15:05  SCV x2  
  74  15:06  Refinery  
  76  15:16  Command Center  
  76  15:17  SCV x2  
  76  15:20  SCV  
  79  15:24  Marine x2  
  79  15:25  Marine x2  
  79  15:26  Medivac  
  85  15:29  SCV  
  85  15:32  SCV  
  88  15:42  SCV  
  88  15:44  SCV  
  89  15:54  SCV  
Show
View Real Time Build Order
Export as new Build Order

egsloth Zerg - Winner!

Build Orders: Hatch First 

Get SALT Encoding   

  12  0:01  Drone  
  13  0:13  Overlord  
  13  0:16  Drone  
  14  0:31  Drone  
  14  0:32  Drone  
  14  0:35  Drone  
  17  0:49  Drone  
  18  0:55  Hatchery  
  17  1:00  Drone  
  17  1:02  Extractor  
  17  1:07  Drone  
  18  1:17  Spawning Pool  
  17  1:22  Drone  
  18  1:30  Drone  
  19  1:42  Drone  
  20  1:54  Overlord  
  20  2:02  Drone  
  20  2:07  Queen  
  23  2:10  Drone, Queen  
  23  2:14  Drone  
  27  2:18  Drone  
  28  2:23  Drone  
  28  2:24  Metabolic Boost  
  29  2:31  Drone  
  30  2:40  Drone  
  30  2:41  Drone  
  32  2:44  Hatchery  
  31  2:51  Queen  
  31  2:52  Queen  
  35  3:05  Drone  
  36  3:07  Roach Warren  
  36  3:09  Drone, Overlord  
  36  3:11  Evolution Chamber  
  35  3:13  Overlord  
  35  3:17  Drone  
  36  3:29  Drone x6  
  42  3:39  Drone  
  43  3:42  Extractor  
  43  3:43  Drone  
  43  3:58  Zergling x6  
  43  3:59  Zergling x12  
  52  4:11  Extractor  
  52  4:14  Drone x2  
  53  4:23  Drone x4  
  57  4:28  Zerg Ground Armor Level 1  
  57  4:30  Drone, Overlord  
  57  4:31  Overlord x2  
  58  4:43  Lair  
  58  4:49  Drone x7  
  58  4:50  Drone x3  
  59  5:09  Roach x6  
  69  5:33  Extractor  
  69  5:35  Extractor, Roach x7  
  81  5:36  Drone  
  81  5:37  Hatchery  
  81  5:53  Queen  
  81  5:54  Extractor  
  81  5:56  Infestation Pit  
  81  5:57  Hydralisk Den  
  81  5:59  Evolution Chamber  
  81  6:02  Drone x3  
  82  6:13  Overlord x3  
  82  6:14  Overlord  
  82  6:25  Overlord x3  
  82  6:30  Zerg Ground Armor Level 2  
  82  6:33  Zerg Missile Weapons Level 1  
  82  6:34  Drone x2  
  82  6:35  Drone  
  85  6:52  Zergling x4, Roach x2  
  85  6:53  Zergling x2, Roach x2  
  96  7:00  Drone x3  
  96  7:01  Drone  
  100  7:03  Drone x5  
  105  7:10  Grooved Spines, Spore Crawler  
  105  7:11  Hydralisk, Pathogen Glands  
  105  7:12  Hydralisk x2, Roach x2  
  114  7:19  Drone x2  
  114  7:20  Drone x3  
  86  7:59  Hydralisk x2  
  86  8:00  Hydralisk x4, Zergling x4, Roach x2  
  86  8:01  Hydralisk, Zergling x6, Roach x4  
  86  8:04  Roach  
  86  8:05  Hydralisk, Zergling x2  
  115  8:06  Roach  
  118  8:14  Extractor  
  118  8:15  Extractor, Drone x8  
  118  8:19  Drone  
  125  8:26  Hydralisk x2, Drone, Zergling x2, Roach x2  
  135  8:28  Overseer  
  135  8:29  Overseer  
  135  8:32  Pneumatized Carapace  
  135  8:35  Zerg Missile Weapons Level 2  
  135  8:38  Muscular Augments  
  135  8:41  Drone x3  
  138  8:57  Drone x6  
  138  8:59  Overlord x4  
  138  9:00  Overlord  
  138  9:22  Hydralisk x2, Zergling x4, Roach x2  
  138  9:23  Zergling x4, Roach x4  
  155  9:32  Hydralisk  
  155  9:33  Hydralisk, Zergling x6, Roach x3  
  155  9:37  Hydralisk, Zergling x2, Roach  
  155  9:38  Roach  
  167  10:00  Zergling x2  
  167  10:04  Hydralisk, Zergling x2, Roach  
  167  10:05  Zergling x8, Roach  
  166  10:09  Hydralisk, Zergling x2, Roach  
  166  10:10  Zergling x2  
  166  10:11  Zergling x2  
  168  10:21  Zergling x4, Roach  
  167  10:22  Overlord x4  
  167  10:23  Overlord x2  
  166  10:35  Hatchery  
  158  10:43  Hydralisk x3, Zergling x2, Roach  
  158  10:44  Zergling x4, Roach x3  
  158  10:47  Roach  
  172  11:04  Hydralisk x2, Zergling x2, Roach  
  172  11:05  Zergling x4, Roach x2  
  172  11:07  Hive  
  185  11:17  Drone x3  
  185  11:18  Drone x2  
  190  11:30  Neural Parasite  
  190  11:34  Hatchery  
  190  11:35  Hatchery  
  190  11:37  Hydralisk  
  190  11:38  Zergling x6, Roach x3  
  180  11:48  Hydralisk  
  180  11:49  Hydralisk, Zergling x4, Roach x4  
  180  11:53  Roach  
  188  12:00  Hydralisk x2, Zergling x2, Roach  
  188  12:01  Zergling x2, Roach  
  164  12:05  Hydralisk, Roach  
  148  12:12  Hydralisk  
  148  12:13  Zergling x2, Roach x2  
  136  12:16  Roach  
  126  12:32  Hydralisk x3, Zergling x2, Roach  
  126  12:33  Zergling x4, Roach x3  
  143  12:50  Hydralisk  
  143  12:51  Zergling x6, Roach x4  
  154  13:01  Hydralisk  
  154  13:02  Hydralisk x2, Zergling x4, Roach x3  
  154  13:03  Roach  
  156  13:11  Zerg Ground Armor Level 3  
  154  13:12  Zerg Missile Weapons Level 3  
  154  13:25  Extractor  
  149  13:33  Infestor x3  
  149  13:34  Hydralisk x2, Infestor x2  
  153  13:35  Hydralisk x3, Zergling x8, Roach x5  
  153  13:36  Hydralisk, Zergling x4, Extractor, Roach  
  186  13:43  Drone x12  
  191  13:58  Drone x9  
  200  14:07  Ravager  
  200  14:08  Ravager  
  200  14:16  Overlord x2  
  182  14:40  Hydralisk, Zergling x2, Roach  
  182  14:41  Roach x2  
  177  14:48  Hydralisk x2  
  177  14:49  Hydralisk x2, Zergling x4, Roach x4  
  177  14:50  Zergling x2, Roach x2  
  184  14:53  Hydralisk x2, Zergling x2, Roach  
  184  14:54  Zergling x4, Roach x3  
  199  15:19  Extractor  
  199  15:20  Hydralisk  
  200  15:35  Extractor  
  199  15:36  Zergling x2  
  199  15:37  Extractor  
  199  15:42  Ultralisk Cavern  
Tags
 
Add a new tag
Caveats
  • Supply blocks, unpowered buildings, or Contaminate may cause inaccurate times.
  • Supply counts are checked every 10 seconds.